 Dungeon Crawl Stone Soup version 0.23.2-1-ga50397a (webtiles) character file.

Game seed: 18352840826409648455

21 MalarOregon the Charmwright (level 2, 0/23 HPs)
             Began as a Merfolk Skald on May 20, 2019.
             Slain by a shadow imp (3 damage)
             ... summoned by Natasha
             ... on level 2 of the Dungeon.
             The game lasted 00:01:44 (906 turns).

MalarOregon the Charmwright (Merfolk Skald)          Turns: 906, Time: 00:01:44

Health: 0/23       AC:  3    Str: 11    XL:     2   Next: 87%
Magic:  5/5        EV: 12    Int: 12    God:
Gold:   52         SH:  0    Dex: 13    Spells: 4/5 levels left

rFire    . . .     SeeInvis .   a - +0 spear
rCold    . . .     Gourm    .   (no shield)
rNeg     . . .     Faith    .   b - +0 leather armour
rPois    .         Spirit   .   (no helmet)
rElec    .         Reflect  .   (no cloak)
rCorr    .         Harm     .   (no gloves)
MR       .....                  (no boots)
Stlth    +.........             (no amulet)
HPRegen  0.07/turn              (no ring)
MPRegen  0.09/turn              (no ring)

@: flying
A: change form in water, swift swim, stealthy swim
a: no special abilities


You were on level 2 of the Dungeon.
You were not hungry.

You visited 1 branch of the dungeon, and saw 2 of its levels.

You collected 52 gold pieces.

Inventory:

Hand Weapons
 a - a +0 spear (weapon)
Armour
 b - a +0 leather armour (worn)
Jewellery
 f - an uncursed ring of protection from fire {unknown}
   (You found it on level 1 of the Dungeon)
Scrolls
 d - 3 scrolls of identify {unknown}
 h - a scroll of amnesia {unknown}
 j - a scroll of teleportation {unknown}
 k - a scroll of remove curse {unknown}
Potions
 c - a potion of ambrosia {unknown}
 i - a potion of flight
 l - a potion of berserk rage {unknown}
 m - a potion of haste {unknown}
Comestibles
 e - 5 rations {!d}
 g - 6 chunks of flesh


   Skills:
 + Level 2.3 Fighting
 * Level 3.4 Polearms
 + Level 0.8 Armour
 * Level 3.1 Dodging
 * Level 2.2 Spellcasting
 * Level 3.6 Charms


You had 4 spell levels left.
You knew the following spells:

 Your Spells              Type           Power        Failure   Level  Hunger
a - Infusion              Chrm           #...         9%          1    ##.....

Your spell library contained the following spells:

 Spells                   Type           Power        Failure   Level  Hunger
 Song of Slaying          Chrm           #.......     12%         2    ###....
 Shroud of Golubria       Chrm/Tloc      #.........   26%         2    ###....
 Regeneration             Chrm/Necr      #.........   45%         3    ####...
 Spectral Weapon          Hex/Chrm       #.......     45%         3    ####...


Dungeon Overview and Level Annotations

Branches:
Dungeon (2/15)

Altars:

Annotations:
D:2 Natasha


Message History

You kill the kobold!
No target in view!
No target in view!
No target in view!
No target in view!
No target in view!
No target in view!
No target in view!
No target in view!
No target in view!
No target in view!
No target in view!
No target in view!
No target in view!
m - a grey potion You open the door.
There is an open door here.
Found a stone staircase leading up.
There is a stone staircase leading up here.
Found a scroll labeled ASSYTO US HITH.
A gnoll comes into view. It is wielding a +0 flail.
You open the door. 2 gnolls come into view.
A gnoll is wielding a +2 halberd of chopping.
The gnoll shouts! x2
There is a stone staircase leading up here.
You climb upwards.
There is a stone staircase leading down here.
There is a stone staircase leading down here.
You climb downwards.
There is a stone staircase leading up here.
Natasha, Servant of Life and Death comes into view.
Natasha hisses angrily.
Natasha casts a spell at you. The magic dart hits you!
Found 7 gold pieces.
You hit Natasha but do no damage.
Natasha howls an incantation.
You feel troubled. Natasha claws you.
* * * LOW HITPOINT WARNING * * *
You hit Natasha. Natasha closely misses you.
You hit Natasha but do no damage.
Natasha casts a spell.
You hit Natasha. Natasha claws you.
* * * LOW HITPOINT WARNING * * *
It was a potion of flight.
You feel very buoyant.
You fly up into the air.
The shadow imp hits you.
You die...

### #.$ #.# #.# #h#
############@#
##..........5.#
#.............#
#.............#
#.............#
#.............# ###
#...<.........###...#
#......#####..........
#......#####..........


You could see Natasha and a shadow imp.

Vanquished Creatures
  A leopard gecko (D:1)
  A bat (D:2)
  A giant cockroach (D:1)
  3 hobgoblins
  5 frilled lizards
  3 goblins
  4 kobolds
  3 rats (D:1)
21 creatures vanquished.

Notes
Turn   | Place    | Note
-------+----------+-------------------------------------------
     0 | D:1      | MalarOregon the Merfolk Skald began the quest for the Orb.
     0 | D:1      | Reached XP level 1. HP: 16/16 MP: 3/3
   116 | D:1      | Reached XP level 2. HP: 16/22 MP: 5/5
   900 | D:2      | Noticed Natasha
   906 | D:2      | Slain by a shadow imp

Skill      XL: |  1  2 |
---------------+-------+-----
Dodging        | 3 |  3.1
Fighting       | |  2.3
Polearms       | |  3.4
Armour         | |  0.8
Spellcasting   | |  2.2
Charms         | |  3.6

Action                   || total
-------------------------++-------
Melee: Spear             ||    80
  Use: Potion            ||     1
Armor: Leather armour    ||    15
Dodge: Dodged            ||    33
